 Dungeon Sprint DCSS version 0.29-a0-870-g2c972031a6 (webtiles) character file.

Game seed: 10136829883000742438

1346 mhtbhm the Basher (level 8, -3/56 HPs)
             Began as a Gargoyle Fighter on July 17, 2022.
             Was a Believer of Makhleb.
             Slain by a fire elemental (12 damage)
             ... summoned by a deep elf pyromancer
             ... in the Dungeon (Sprint IX: "|||||||||||||||||||||||||||||").
             The game lasted 00:01:30 (513 turns).

mhtbhm the Basher (Gargoyle Fighter)                 Turns: 513, Time: 00:01:30

Health: -3/56      AC: 19    Str: 25    XL:     8   Next: 62%
Magic:  13/13      EV: 11    Int:  9    God:    Makhleb [**....]
Gold:   0          SH:  5    Dex:  9    Spells: 7/7 levels left

rFire   . . .      SeeInvis .   a - +2 morningstar (protect)
rCold   . . .      Faith    .   c - +0 buckler
rNeg    + . .      Spirit   .   b - +1 chain mail
rPois   ∞          Reflect  .   (no helmet)
rElec   +          Harm     .   m - +0 cloak
rCorr   .          Rampage  .   (no gloves)
Will    .....      NoTele   +   (no boots)
Stlth   ..........              (no amulet)
HPRegen 0.18/turn               n - +3 ring of strength
MPRegen 0.13/turn               o - +2 ring of evasion

@: no status effects
A: sickness immunity, AC +5, negative energy resistance 1, electricity
resistance, torment resistance 1, petrification resistance
a: Renounce Religion, Minor Destruction


You were in the Dungeon.
You worshipped Makhleb.
Makhleb was pleased with you.
You visited 1 branch

Inventory:

Hand Weapons
 a - a +2 morningstar of protection (weapon)
Armour
 b - a +1 chain mail (worn)
 c - a +0 buckler (worn)
 m - a +0 cloak (worn)
Jewellery
 n - a +3 ring of strength (left hand)
 o - a +2 ring of evasion (right hand)
Wands
 l - a wand of light (4)
Scrolls
 j - a scroll of blinking
 k - 2 scrolls of amnesia
Potions
 d - a potion of might
 e - 4 potions of curing
 f - a potion of heal wounds
 g - a potion of haste
 h - 4 potions of magic
 i - a potion of invisibility


   Skills:
 + Level 9.2 Fighting
 + Level 10.3 Maces & Flails
 + Level 9.2 Armour
 + Level 2.8 Dodging
 + Level 4.5 Stealth
 + Level 7.6 Shields
 * Level 7.8 Invocations
 + Level 1.9 Evocations


You had 7 spell levels left.
You didn't know any spells.
Your spell library was empty.

Dungeon Overview and Level Annotations

Branches:
Dungeon (1/1)

Altars:
Cheibriados
Dithmenos
Elyvilon
Fedhas
Gozag
Hepliaklqana
Kikubaaqudgha
Makhleb
Nemelex Xobeh
Okawaru
Qazlal
Ru
Sif Muna
Trog
Uskayaw
Vehumet
Wu Jian
Xom
Yredelemnul
Zin
The Shining One
Jiyva
Lugonu


Innate Abilities, Weirdness & Mutations

You are immune to sickness and miasma.
Your stone body is resilient. (AC +5)
You are immune to poison.
You resist negative energy. (rN+)
You are resistant to electric shocks. (rElec)
You are resistant to unholy torment.
You are immune to petrification.


Message History

The six-headed hydra is no longer blind.
The fire elemental barely misses you.
The six-headed hydra closely misses you. x2
You block the six-headed hydra's attack. x2
The six-headed hydra barely misses you.
The six-headed hydra bites you but does no damage.
The fire elemental hits you. The fire elemental burns you!
Unknown command.
Unknown command.
Blink to where?
Press: ? - help, Dir - move target Really blink into that cloud of flame?
Okay, then.
Blink to where?
Press: ? - help, Dir - move target, f - you
Okay, then.
Blink to where?
Press: ? - help, Dir - move target Really blink into that cloud of flame?
As you read the scroll of blinking, it crumbles to dust.
You are engulfed in blazing flames.
The deep elf pyromancer casts a spell.
The deep elf pyromancer blinks!
The boulder beetle stops rolling and uncurls.
Unknown command.
You barely miss the deep elf pyromancer.
The deep elf pyromancer is severely wounded.
The deep elf pyromancer barely misses you.
You closely miss the deep elf pyromancer.
The deep elf pyromancer is severely wounded.
The fire elemental misses you.
The deep elf pyromancer casts a spell at you.
The bolt of fire hits you!
* * * LOW HITPOINT WARNING * * *
The bolt of fire hits the fire elemental.
The fire elemental completely resists.
The bolt of fire hits the fire elemental.
The fire elemental completely resists.
The boulder beetle leaps!
The fire elemental hits you. The fire elemental burns you!
You die...

▓○▓
▓○▓
▓D▓
▓○▓
▓○▓
▓°▓
▓E▓
▓E▓
▓@▓
▓e▓
▓.▓
▓.▓
▓[▓
▓.▓
▓)▓
▓.▓
▓.▓


You could see a six-headed hydra, a deep elf pyromancer and 2 fire elementals.

Vanquished Creatures
  A cyclops (D)
  A komodo dragon (D)
  A troll (D)
  A yak (D)
  A wight (D)
  A hound (D)
  2 iguanas (D)
  2 orc wizards (D)
  An adder (D)
  A dart slug (D)
  A giant cockroach (D)
  A goblin (D)
  A hobgoblin (D)
  A quokka (D)
  A bat (D)
17 creatures vanquished.

Vanquished Creatures (others)
  A troll (D)
1 creature vanquished.

Grand Total: 18 creatures vanquished

Notes
Turn   | Place    | Note
-------+----------+-------------------------------------------
     0 | D        | mhtbhm the Gargoyle Fighter began the quest for the Orb.
     0 | D        | Reached XP level 1. HP: 14/14 MP: 1/1
    86 | D        | Noticed an iguana
    86 | D        | Noticed a hound
    86 | D        | Noticed an iguana
    92 | D        | Killed an iguana
    93 | D        | Reached skill level 5 in Fighting
    93 | D        | Reached skill level 3 in Maces & Flails
    93 | D        | Reached XP level 2. HP: 21/21 MP: 2/2
    93 | D        | Reached XP level 3. HP: 26/26 MP: 3/3
   104 | D        | Reached skill level 5 in Armour
   104 | D        | Reached skill level 5 in Shields
   104 | D        | Reached XP level 4. HP: 32/32 MP: 4/4
   105 | D        | Reached skill level 4 in Maces & Flails
   127 | D        | Found a snail-covered altar of Cheibriados.
   127 | D        | Found a shadowy altar of Dithmenos.
   127 | D        | Found a white marble altar of Elyvilon.
   127 | D        | Found a blossoming altar of Fedhas.
   127 | D        | Found an opulent altar of Gozag.
   128 | D        | Found a hazy altar of Hepliaklqana.
   129 | D        | Found a viscous altar of Jiyva.
   130 | D        | Found an ancient bone altar of Kikubaaqudgha.
   131 | D        | Found a corrupted altar of Lugonu.
   132 | D        | Found a burning altar of Makhleb.
   133 | D        | Found a sparkling altar of Nemelex Xobeh.
   134 | D        | Found an iron altar of Okawaru.
   135 | D        | Found a stormy altar of Qazlal.
   136 | D        | Found a sacrificial altar of Ru.
   137 | D        | Found a shimmering blue altar of Sif Muna.
   138 | D        | Found a bloodstained altar of Trog.
   139 | D        | Found a hide-covered altar of Uskayaw.
   140 | D        | Became a worshipper of Makhleb the Destroyer
   141 | D        | Found a radiant altar of Vehumet.
   142 | D        | Found an ornate altar of the Wu Jian Council.
   143 | D        | Found a shimmering altar of Xom.
   144 | D        | Found a basalt altar of Yredelemnul.
   145 | D        | Found a glowing silver altar of Zin.
   146 | D        | Found a glowing golden altar of the Shining One.
   321 | D        | Noticed a komodo dragon
   321 | D        | Noticed a yak
   321 | D        | Noticed a troll
   323 | D        | Reached skill level 1 in Dodging
   323 | D        | Reached skill level 1 in Invocations
   323 | D        | Reached XP level 5. HP: 37/37 MP: 5/5
   328 | D        | Killed a troll
   328 | D        | Reached * piety under Makhleb
   329 | D        | Reached skill level 7 in Maces & Flails
   329 | D        | Reached XP level 6. HP: 29/44 MP: 5/9
   339 | D        | Reached skill level 5 in Invocations
   342 | D        | Killed a yak
   343 | D        | Reached skill level 8 in Maces & Flails
   343 | D        | Reached XP level 7. HP: 49/49 MP: 6/11
   351 | D        | Killed a komodo dragon
   351 | D        | Reached ** piety under Makhleb
   352 | D        | Reached skill level 9 in Maces & Flails
   352 | D        | Reached skill level 1 in Evocations
   494 | D        | Noticed a gargoyle
   494 | D        | Noticed a troll
   494 | D        | Noticed a boulder beetle
   494 | D        | Noticed a deep elf pyromancer
   494 | D        | Noticed a six-headed hydra
   494 | D        | Noticed a cyclops
   500 | D        | Noticed a fire elemental
   505 | D        | Killed a cyclops
   506 | D        | Reached skill level 10 in Maces & Flails
   506 | D        | Reached XP level 8. HP: 39/56 MP: 13/13
   506 | D        | Killed a troll
   513 | D        | Slain by a fire elemental

Illustrated notes

Levels and vault maps discovered:
D:        linesprint [early_d, line_temple, items_1, d_10, items_2, lair_1,
          lair_end, items_3, orc_1, orc_end, items_4, d_15, swamp_1, shoals_1,
          snake_1, spider_1, d_20, vaults_1, items_5, swamp_end, shoals_end,
          snake_end, spider_end, vaults_end, d_27, items_6, zot_1, zot_end,
          crypt_end, forest_end, elf_end, slime_end, tomb_end, abyss_end,
          pan_hell_end]

Skill      XL: |  1  2  3  4  5  6  7 |
---------------+----------------------+-----
Fighting       | 5 6 7 8 9 |  9.2
Maces & Flails | 3 4 7 8 10 | 10.3
Armour         | 4 5 6 7 8 9 |  9.2
Shields        | 4 5 6 7 |  7.6
Dodging        | 1 2 |  2.8
Invocations    | 1 4 5 7 |  7.8
Stealth        | 2 4 |  4.5
Evocations     | 1 |  1.9

Action                   |  1- 3 |  4- 6 |  7- 9 || total
-------------------------+-------+-------+-------++-------
Melee: Flail             |    30 |    17 |       ||    47
       Morningstar       |       |    14 |    21 ||    35
Evoke: Wand              |       |     3 |     3 ||     6
  Use: Potion            |     1 |     1 |     2 ||     4
       Scroll            |       |       |     1 ||     1
 Stab: Invisible         |       |     3 |       ||     3
Armor: Scale mail        |    13 |     8 |       ||    21
       Chain mail        |       |    13 |    21 ||    34
Dodge: Dodged            |    16 |    24 |    18 ||    58
Block: Buckler           |     4 |     9 |    10 ||    23

Table legend: (Time is in decaauts)
 A = Elapsed time spent in this place.
 B = Non-inter-level travel time spent in this place.
 C = Inter-level travel time spent in this place.
 D = Time resting spent in this place.
 E = Time spent auto-exploring this place.
 F = Levels seen in this place.
 G = Mean time per level.
                   A        B        C        D        E       F      G
               +--------+--------+--------+--------+--------+-----+--------+
         Total |    538 |    538 |      0 |    322 |      3 |   1 |  538.0 |
       Dungeon |    538 |    538 |      0 |    322 |      3 |   1 |  538.0 |
               +--------+--------+--------+--------+--------+-----+--------+

Top non-repeatable levels by time:
       D: 538 daAuts
